 Dungeon Crawl Stone Soup version 0.25-a0-365-g7600c65aa0 (webtiles) character file.

Game seed: 17196055128881444467, levelgen mode: deterministic

23702 familyguyfunny the Brawler (level 12, -8/105 HPs)
             Began as a Troll Berserker on Jan 5, 2020.
             Was a High Priest of Trog.
             Mangled by an 11-headed hydra (12 damage)
             ... on level 3 of the Lair of Beasts.
             The game lasted 00:21:59 (13194 turns).

familyguyfunny the Brawler (Troll Berserker)       Turns: 13194, Time: 00:21:59

Health: -8/105     AC: 15    Str: 32    XL:     12   Next: 74%
Magic:  11/11      EV: 12    Int:  3    God:    Trog [*****.]
Gold:   883        SH:  4    Dex:  9    Spells: 11/11 levels left

rFire    + + +     SeeInvis .     - Unarmed
rCold    x . .     Gourm    +   (no shield)
rNeg     + . .     Faith    .   x - +2 fire dragon scales
rPois    .         Spirit   .   (helmet restricted)
rElec    .         Reflect  +   s - +0 cloak
rCorr    .         Harm     .   (gloves unavailable)
MR       .....                  (boots unavailable)
Stlth    ..........             j - +4 amulet of reflection
HPRegen  0.67/turn              y - ring of protection from fire
MPRegen  0.12/turn              f - ring of positive energy

@: hasted, very quick
A: large, unfitting armour, claws 3, fast metabolism 3, gourmand, regeneration
1, shaggy fur 1, tough skin 3
a: Berserk, Trog's Hand, Brothers in Arms, Renounce Religion


You were on level 3 of the Lair of Beasts.
You worshipped Trog.
Trog was extremely pleased with you.
You were not hungry.

You visited 2 branches of the dungeon, and saw 14 of its levels.
You also visited: Ossuary.

You collected 883 gold pieces.

Inventory:

Armour
 s - a +0 cloak (worn)
 x - +2 fire dragon scales (worn)
Jewellery
 f - a ring of positive energy (right claw)
 j - a +4 amulet of reflection (around neck)
 t - an uncursed ring of protection from fire
 y - a ring of protection from fire (left claw)
 E - an uncursed amulet of the gourmand {unknown}
 F - an uncursed ring of ice {unknown}
Wands
 e - a wand of random effects (34)
 u - a wand of paralysis (14)
 v - a wand of disintegration (27)
 w - a wand of acid (14)
Scrolls
 h - 6 scrolls of remove curse
 m - 4 scrolls of magic mapping
 n - 7 scrolls of teleportation
 o - 5 scrolls of immolation
 A - 4 scrolls of identify
 C - a scroll of fear {unknown}
 D - a scroll of fog
 G - a scroll of brand weapon {unknown}
Potions
 a - a potion of degeneration
 c - a potion of might {unknown}
 d - 3 potions of curing
 g - a potion of berserk rage
 i - a potion of experience
 k - 2 potions of haste
 l - a potion of mutation {unknown}
 p - 2 potions of flight
 q - 2 potions of cancellation
 r - 4 potions of brilliance
 z - 4 potions of agility {unknown}
 B - 2 potions of lignification {unknown}
Comestibles
 b - 13 rations


   Skills:
 - Level 3.0 Fighting
 + Level 11.5 Dodging
 - Level 0.1 Stealth
 * Level 16.5 Unarmed Combat


You had 11 spell levels left.
You didn't know any spells.
Your spell library was empty.

Dungeon Overview and Level Annotations

Branches:
Dungeon (10/15)            Temple (0/1) D:6            Lair (4/6) D:9
 Shoals (0/4) Lair:2       Spider (0/4) Lair:2          Orc (0/2) D:10
Ossuary (visited)

Altars:
Ashenzari
Fedhas
Hepliaklqana
Okawaru
Sif Muna
Xom
Zin

Annotations:
Lair:4 1 runed translucent door, Noxiv's ghost, journeyman FoFi


Innate Abilities, Weirdness & Mutations

You are too large for most types of armour.
You have claws for hands.
Your metabolism is lightning-fast.
You like to eat raw meat.
Your natural rate of healing is unusually fast.
You are covered in fur. (AC +1)
You have extremely tough skin. (AC +3)


Message History

* * * LOW HITPOINT WARNING * * *
The bullfrog hits you but does no damage.
The 11-headed hydra bites you.
* * * LOW HITPOINT WARNING * * *
The 11-headed hydra bites you!
* * * LOW HITPOINT WARNING * * *
The 11-headed hydra bites you but does no damage.
The 11-headed hydra barely misses you. You block the 11-headed hydra's attack.
The 11-headed hydra bites you but does no damage.
The 11-headed hydra bites you!
* * * LOW HITPOINT WARNING * * *
The 11-headed hydra bites you but does no damage.
The 11-headed hydra bites you!
* * * LOW HITPOINT WARNING * * *
The 11-headed hydra misses you. The 11-headed hydra closely misses you.
You feel yourself speed up. The bullfrog hits you.
* * * LOW HITPOINT WARNING * * *
The 11-headed hydra bites you but does no damage. x2
The 11-headed hydra bites you!
You die...

..###..+##.........#
..#......#.........###
.....................#
..#........##.#....###
...........###.....#
..#........# ##....###
....#.#....# ##....#.#
...........###..F...##
...........#..#D@..##
...................##
.#...............<..#
###................##
#.................#
#.................#
#..#####.#..#....P#
#..P# ###.#.##..##
##..## #...###..#


You could see a 11-headed hydra and a bullfrog.

Vanquished Creatures
  A fire dragon (Lair:1)
  A hydra (Lair:2)
  Erica (D:8)
  A two-headed ogre (D:10)
  A skeletal warrior (D:10)
  The ghost of qipq the Twirler, a novice CeGl of Gozag (D:7)
  A black mamba (Lair:3)
  3 spiny frogs
  An efreet (D:10)
  A rime drake (Lair:4)
  A kobold demonologist (D:6)
  The ghost of DerDa the Magician, a novice OpFE (D:4)
  4 komodo dragons
  A troll (D:10)
  A merfolk (D:10)
  9 blink frogs
  A snapping turtle (Lair:2)
  5 hippogriffs
  3 redbacks (Lair:2)
  Eustachio (D:4)
  7 yaks
  A human (D:10)
  A basilisk (Lair:3)
  A hungry ghost (D:8)
  7 water moccasins
  6 porcupines
  6 orc warriors
  An ice beast (D:7)
  An eye of draining (D:9)
  3 black bears
  2 phantoms
  3 sky beasts
  12 wolves
  2 centaurs
  4 ogres
  3 crocodiles
  8 big kobolds
  2 elf zombies (Ossuary)
  Blork the orc (D:4)
  A gnoll sergeant (D:7)
  11 bullfrogs
  6 scorpions
  4 wights (D:8)
  2 electric eels (Lair:1)
  12 killer bees
  2 howler monkeys (D:9)
  6 crimson imps
  4 human zombies (Ossuary)
  A centaur zombie (D:5)
  6 hounds
  6 orc priests
  A jelly (D:7)
  6 orc wizards
  A bullfrog skeleton (D:8)
  2 centaur skeletons
  2 iguanas
  Natasha (twice) (D:3)
  8 worker ants
  A big kobold zombie (Ossuary)
  2 hound skeletons
  3 mummies (Ossuary)
  2 howler monkey zombies
  A worker ant zombie (D:8)
  9 gnolls
  9 adders
  4 shadow imps
  3 oozes
  4 adder zombies
  4 worms
  A dart slug (D:3)
  4 leopard geckos
  38 orcs
  A ball python (D:4)
  4 giant cockroaches
  A gnoll zombie (Ossuary)
  6 goblins
  7 hobgoblins
  2 quokkas
  3 bats
  3 frilled lizards
  5 goblin zombies (Ossuary)
  3 hobgoblin zombies (Ossuary)
  5 jackal zombies (Ossuary)
  6 kobolds
  4 kobold zombies (Ossuary)
  2 leopard gecko skeletons (D:7)
  A quokka skeleton (D:4)
  4 quokka zombies (Ossuary)
  21 rats
  4 rat zombies (Ossuary)
360 creatures vanquished.

Notes
Turn   | Place    | Note
-------+----------+-------------------------------------------
     0 | D:1      | familyguyfunny the Troll Berserker began the quest for the
                  | Orb.
     0 | D:1      | Reached XP level 1. HP: 22/22 MP: 0/0
   110 | D:1      | Reached XP level 2. HP: 26/29 MP: 1/1
   695 | D:2      | Reached XP level 3. HP: 36/36 MP: 2/2
  1002 | D:2      | Found a glowing silver altar of Zin.
  1005 | D:2      | Found a blossoming altar of Fedhas.
  1150 | D:2      | Reached ** piety under Trog
  1203 | D:2      | Reached XP level 4. HP: 37/44 MP: 3/3
  1563 | D:3      | Reached skill level 4 in Unarmed Combat
  1833 | D:3      | Reached XP level 5. HP: 53/53 MP: 4/4
  1845 | D:3      | Noticed Natasha
  1849 | D:3      | Killed Natasha
  1849 | D:3      | Reached skill level 5 in Unarmed Combat
  1953 | D:3      | Noticed Natasha
  1967 | D:3      | Killed Natasha
  2205 | D:3      | Reached XP level 6. HP: 47/61 MP: 5/5
  2393 | D:4      | Found a sand-covered staircase.
  2420 | Ossuary  | Entered an ossuary
  2468 | Ossuary  | Reached *** piety under Trog
  2574 | Ossuary  | Reached skill level 6 in Unarmed Combat
  2683 | Ossuary  | Reached XP level 7. HP: 59/67 MP: 6/6
  2745 | D:4      | Noticed Eustachio
  2765 | D:4      | Killed Eustachio
  2765 | D:4      | Reached skill level 7 in Unarmed Combat
  2783 | D:4      | Reached **** piety under Trog
  2916 | D:4      | Found a transporter.
  2916 | D:4      | Noticed DerDa's ghost (novice OpFE)
  2975 | D:4      | Found a transporter.
  3003 | D:4      | Killed DerDa's ghost
  3003 | D:4      | Reached skill level 5 in Dodging
  3003 | D:4      | Reached skill level 8 in Unarmed Combat
  3003 | D:4      | Reached XP level 8. HP: 32/75 MP: 7/7
  4004 | D:5      | Entered Level 5 of the Dungeon
  4071 | D:5      | Noticed Blork the orc
  4113 | D:4      | Killed Blork the orc
  4113 | D:4      | Reached skill level 9 in Unarmed Combat
  4528 | D:5      | Found an iron altar of Okawaru.
  4536 | D:5      | Found a shattered altar of Ashenzari.
  4537 | D:5      | Found a hazy altar of Hepliaklqana.
  4547 | D:5      | Found a shimmering blue altar of Sif Muna.
  4753 | D:6      | Found a staircase to the Ecumenical Temple.
  4847 | D:6      | Reached XP level 9. HP: 74/81 MP: 8/8
  5248 | D:6      | Reached skill level 10 in Unarmed Combat
  5395 | D:7      | Reached ***** piety under Trog
  5395 | D:7      | Received a gift from Trog
  5690 | D:7      | Found a runed translucent gate.
  5690 | D:7      | Found a runed translucent gate.
  5690 | D:7      | Found a runed translucent gate.
  5691 | D:7      | Noticed qipq's ghost (novice CeGl)
  5691 | D:7      | Noticed a kobold demonologist
  5774 | D:7      | Noticed a smoke demon
  5775 | D:7      | Noticed a sun demon
  5783 | D:7      | HP: 2/81 [bullfrog (4)]
  5794 | D:7      | Reached skill level 12 in Unarmed Combat
  5794 | D:7      | Reached XP level 10. HP: 5/91 MP: 9/9
  6060 | D:7      | Reached skill level 13 in Unarmed Combat
  6102 | D:7      | Killed qipq's ghost
  6110 | D:7      | Noticed a sixfirhy
  6927 | D:8      | Received a gift from Trog
  6927 | D:8      | Reached XP level 11. HP: 97/97 MP: 10/10
  7120 | D:8      | Noticed Erica
  7154 | D:8      | Killed Erica
  7154 | D:8      | Reached skill level 10 in Dodging
  7632 | D:9      | Reached skill level 14 in Unarmed Combat
  7755 | D:9      | Found a staircase to the Lair.
  8183 | D:10     | Entered Level 10 of the Dungeon
  8509 | D:10     | Found a shimmering altar of Xom.
  8989 | D:10     | Noticed a skeletal warrior
  9005 | D:10     | Killed a skeletal warrior
  9063 | D:10     | Noticed a two-headed ogre
  9081 | D:10     | Killed a two-headed ogre
  9322 | D:10     | Found a staircase to the Orcish Mines.
  9412 | D:10     | Reached skill level 15 in Unarmed Combat
  9418 | D:10     | Received a gift from Trog
  9425 | D:10     | Got a polished giant spiked club {god gift}
  9426 | D:10     | Identified the +5 giant spiked club "Fopsas" {antimagic,
                  | +Blink +Inv MR- Dex+3} (Trog gifted it to you on level 10
                  | of the Dungeon)
  9488 | Lair:1   | Entered Level 1 of the Lair of Beasts
  9582 | Lair:1   | Noticed a fire dragon
  9599 | Lair:1   | Killed a fire dragon
  9599 | Lair:1   | Reached XP level 12. HP: 21/105 MP: 11/11
 11485 | Lair:2   | Found a staircase to the Shoals.
 11546 | Lair:2   | Noticed a four-headed hydra
 11555 | Lair:2   | Killed an eight-headed hydra
 11746 | Lair:2   | Found a hole to the Spider Nest.
 11761 | Lair:2   | HP: 4/105 [redback (10)]
 12162 | Lair:3   | Reached skill level 16 in Unarmed Combat
 12966 | Lair:4   | Found a runed translucent door.
 12968 | Lair:4   | Noticed Noxiv's ghost (journeyman FoFi)
 13145 | Lair:4   | Noticed a six-headed hydra
 13194 | Lair:3   | HP: 4/105 [bullfrog (2)]
 13194 | Lair:3   | Mangled by an 11-headed hydra

Levels and vault maps discovered:
D:1:      lightli_arrival_windingriver, layout_basic
D:2:      layout_basic, grunt_temple_overflow_open
D:3:      layout_loops_ring, serial_co_window_serial, co_window_paths_a,
          co_window_corner_a, co_window_paths_b, co_window_paths_a,
          co_window_corner_a, co_window_of_opportunity_b, co_window_broadway_c,
          co_window_corner_b, co_window_broadway_a, co_window_broadway_b,
          co_window_corner_ca, co_window_of_opportunity_b, uniq_natasha
D:4:      layout_basic, gammafunk_ghost_arena, chequers_ossuary_entry_cave,
          first_ration, minmay_rat_hole, uniq_eustachio
D:5:      layout_rooms, minitemple, uniq_blork_the_orc
D:6:      layout_cave_pools, minmay_temple_entry_junction_2, serial_bayou_pond_b
D:7:      layout_cave_pools, gammafunk_ghost_nasty_kobolds
D:8:      layout_cave_pools, nicolae_overflow_hidden_temple, uniq_erica
D:9:      layout_loops_ring, lair_entry_dummy
D:10:     layout_roguey, david_orc_4, basic_altar, hangedman_stone_soup,
          minmay_misc_feat_enclosed, kb_rosetta
Lair:1:   dragon1_lemuel, layout_gridlike
Lair:2:   layout_cave_pods, minmay_shoals_entry_hut,
          spider_nest_entry_funnel_web, lemuel_old_faithful
Lair:3:   layout_chaotic_city
Lair:4:   layout_hall_layers, hellmonk_ghost_happy_afterlife,
          beast_lair_carwin_2, lemuel_fruit_tree, serial_bayou_shore_b

Skill      XL: |  1  2  3  4  5  6  7  8  9 10 11 12 |
---------------+-------------------------------------+-----
Dodging        | 3 4 5 6 9 10 11 | 11.5
Unarmed Combat | 4 5 6 8 9 12 13 15 16 | 16.5
Fighting       | 3 |  3.0
Stealth        | |  0.1

Action                   |  1- 3 |  4- 6 |  7- 9 | 10-12 || total
-------------------------+-------+-------+-------+-------++-------
Melee: Unarmed           |    75 |   183 |   285 |   614 ||  1157
       Punch             |       |     4 |     7 |    38 ||    49
Evoke: Wand              |       |       |       |     1 ||     1
  Use: Scroll            |     1 |       |    12 |     6 ||    19
       Potion            |       |       |     7 |    10 ||    17
 Stab: Sleeping          |       |       |       |     1 ||     1
  Eat: Chunk             |     5 |     4 |    16 |    34 ||    59
       Ration            |     1 |     3 |     3 |    11 ||    18
Armor: Animal skin       |    10 |       |       |       ||    10
       Robe              |    11 |    60 |    94 |   128 ||   293
       Fire dragon scale |       |       |       |    94 ||    94
Dodge: Dodged            |    29 |    76 |   171 |   449 ||   725
Block: Other             |       |       |     6 |   139 ||   145
       Reflection        |       |       |       |     4 ||     4

Table legend:
 A = Non-vault XP
 B = Vault XP
 C = Vault XP percentage of total XP
 D = Non-vault monster count
 E = Vault monster count
 F = Vault count percentage of total count
                 A         B        C        D         E       F
            +---------+---------+-------+---------+---------+-------
      Total |   20198 |    9966 |  33.0 |     252 |     108 |  30.0
            +---------+---------+-------+---------+---------+-------
        D:1 |      39 |       0 |   0.0 |      15 |       0 |   0.0
        D:2 |      65 |       0 |   0.0 |      13 |       0 |   0.0
        D:3 |     254 |      36 |  12.4 |      24 |       1 |   4.0
        D:4 |     113 |     757 |  87.0 |      12 |      24 |  66.7
        D:5 |     652 |       0 |   0.0 |      20 |       0 |   0.0
        D:6 |     430 |     691 |  61.6 |      13 |       5 |  27.8
        D:7 |    1486 |    1354 |  47.7 |      32 |       8 |  20.0
        D:8 |    1884 |     939 |  33.3 |      32 |       1 |   3.0
        D:9 |    1483 |       0 |   0.0 |      20 |       0 |   0.0
       D:10 |    2997 |    2753 |  47.9 |      19 |      21 |  52.5
     Lair:1 |    2154 |    1044 |  32.6 |      15 |       1 |   6.2
     Lair:2 |    2706 |     917 |  25.3 |       8 |       4 |  33.3
     Lair:3 |    3229 |       0 |   0.0 |      19 |       0 |   0.0
     Lair:4 |    2706 |     995 |  26.9 |      10 |       4 |  28.6
    Ossuary |       0 |     480 | 100.0 |       0 |      39 | 100.0
            +---------+---------+-------+---------+---------+-------
